 Dungeon Crawl Stone Soup version 0.31.0-12-g77e489cdc1 (webtiles) character file.

Game seed: 10074388151898726559

1254 solopath the Ruffian (level 8, -5/63 HPs)
             Began as a Demonspawn Shapeshifter on Feb 12, 2024.
             Slain by a gnoll sergeant
             ... wielding a +0 spear
              (6 damage)
             ... on level 6 of the Dungeon.
             The game lasted 00:04:56 (4803 turns).

solopath the Ruffian (Demonspawn Shapeshifter)      Turns: 4803, Time: 00:04:57

Health: -5/63      AC:  4    Str: 16    XL:     8   Next: 26%
Magic:  8/8        EV:  6    Int: 12    God:
Gold:   174        SH:  0    Dex: 12    Spells: 7/7 levels left

rFire   . .          .
                       - Unarmed
rCold   . . .        (no shield)
rNeg    . . .        a - +0 animal skin
rPois   +            (helmet currently unavailable)
rElec   .            (cloak currently unavailable)
rCorr   +            (gloves unavailable)
SInv    .            (boots currently unavailable)
Will    .....        (no amulet)
Stlth   +            e - ring of resist corrosion
HPRegen 0.30/turn    o - ring of poison resistance
MPRegen 0.11/turn

%: no passive effects
@: beast-form, held
A: beast (slay +2), rugged brown scales 2, demonic touch 3
a: Begin Untransformation


You were on level 6 of the Dungeon.
You were a hulking beast.
You visited 1 branch of the dungeon, and saw 6 of its levels.

You collected 223 gold pieces.
You spent 49 gold pieces at shops.

Inventory:

Missiles
 w - 6 silver javelins (quivered)
Armour
 a - a +0 animal skin (worn)
Jewellery
 e - a ring of resist corrosion (left hand)
 o - a ring of poison resistance (right hand)
 x - a ring of protection from cold
Talismans
 c - a beast talisman
 d - a flux talisman
 n - a blade talisman
Wands
 p - a wand of iceblast (9)
Scrolls
 g - 3 scrolls of teleportation {unknown}
 i - a scroll of amnesia
 j - 7 scrolls of identify {unknown}
 k - 2 scrolls of blinking {unknown}
 m - a scroll of torment {unknown}
 q - a scroll of vulnerability {unknown}
 s - a scroll of revelation {unknown}
 y - a scroll of enchant weapon {unknown}
Potions
 h - 3 potions of enlightenment {unknown}
 l - 2 potions of attraction {unknown}
 r - a potion of degeneration {unknown}
 t - 3 potions of curing {unknown}
 u - a potion of mutation {unknown}
 v - a potion of resistance {unknown}
 z - a potion of might {unknown}


   Skills:
 - Level 4.0 Fighting
 + Level 2.6 Dodging
 * Level 7.1 Unarmed Combat
 + Level 5.0 Shapeshifting


You had 7 spell levels left.
You didn't know any spells.
Your spell library contained the following spells:

 Spells                   Type           Power      Damage    Failure   Level
 Shock                    Conj/Air       0%         1d3       32%         1
 Summon Small Mammal      Summ           0%         N/A       32%         1
 Call Canine Familiar     Summ           0%         N/A       69%         3
 Swiftness                Air            0%         N/A       69%         3
 Airstrike                Air            0%         2d(0-16)  97%         4
 Manifold Assault         Tloc           0%         N/A       97%         4
 Summon Blazeheart Golem  Fire/Summ      0%         N/A       97%         4
 Dispersal                Tloc           0%         N/A       100%        6
 Disjunction              Tloc           0%         N/A       100%        8


Dungeon Overview and Level Annotations

Branches:
Dungeon (6/15)             Temple (0/1) D:4

Altars:
Cheibriados
Fedhas
Makhleb
Okawaru
Vehumet
Wu Jian
Xom

Shops:
D:5 *


Innate Abilities, Weirdness & Mutations

You are a hulking beast.
Your limbs bulge with bestial killing power. (Slay +2)
You are mostly covered in rugged brown scales. (AC +2, +5% HP)
Your touch may irresistibly damage your foes and sap their willpower.


Message History

You become entangled in the net!
The centaur shoots an arrow.
The arrow hits you.
The gnoll bouda barks out a call to the hunt!
The gnolls pick up the pace!
The gnoll sergeant hits you from afar with a +0 spear.
There is a stone staircase leading up here.
You see here a throwing net.
There are no objects that can be picked up here. a throwing net You struggle against the net.
The gnoll sergeant hits you from afar with a +0 spear!
The gnoll bouda barks out a call to the hunt!
The gnoll sergeant barely misses you.
You hear a shout!
Unknown command.
You struggle against the net.
The centaur shoots an arrow.
The arrow closely misses you.
The gnoll sergeant hits you from afar with a +0 spear!
The centaur shoots an arrow.
The arrow hits you.
The jelly jiggles.
The gnoll sergeant hits you from afar with a +0 spear.
You hear a bark!
As you read the scroll labelled RUENTUOSA, it crumbles to dust.
It is a scroll of amnesia.
You feel forgetful for a moment.
You hear a shout!
The gnoll sergeant hits you from afar with a +0 spear!
The centaur shoots an arrow.
The arrow hits you!
* * * LOW HITPOINT WARNING * * *
The gnoll hits you with a +0 flail.
* * * LOW HITPOINT WARNING * * *
The gnoll bouda barks out a call to the hunt!
The gnoll sergeant hits you from afar with a +0 spear!
* * * LOW HITPOINT WARNING * * *
You hear a shout!
The air fills with toxic fumes!
As you read the scroll labelled LILEAD MEYT, it crumbles to dust.
It was a scroll of poison.
The gnoll sergeant hits you from afar with a +0 spear.
You die...

§§ #§ §§ § § §§§ #§
#§§§#§# #§§§§§§###
§§§§§§§h§#
§§§§§§g§######
§#§##hcgg.##.#
#§§gJggg...##
.#..§§§§5Sg5§.g.#
....§§§§§§§g§§§#..#
.....§§§§§§§g§§###.#
##....§§§§§§§§§§##.<#
..........h....###.#


You could see 3 gnoll sergeants, a centaur, a gnoll bouda, a hound, a jelly, 6
gnolls, an adder and 2 ufetubi.

Vanquished Creatures
  2 water moccasins
  A black bear (D:5)
  A phantom (D:5)
  A bullfrog (D:5)
  3 scorpions
  A howler monkey (D:5)
  3 bombardier beetles
  3 hounds (D:5)
  4 orc priests
  3 iguanas
  An orc wizard (D:3)
  Robin (D:3)
  3 gnolls
  4 adders
  2 shadow imps (D:6)
  A dart slug (D:1)
  17 orcs
  5 ball pythons
  6 endoplasms
  4 giant cockroaches
  18 goblins
  13 hobgoblins
  A jackal (D:6)
  4 quokkas
  4 bats
  11 frilled lizards
  5 kobolds
  4 rats
126 creatures vanquished.

Notes
Turn   | Place    | Note
-------+----------+-------------------------------------------
     0 | D:1      | solopath the Demonspawn Shapeshifter began the quest for
                  | the Orb.
     0 | D:1      | Reached XP level 1. HP: 15/15 MP: 1/1
    43 | D:1      | Reached skill level 3 in Unarmed Combat
   103 | D:1      | Gained mutation: Your touch may inflict minor irresistible
                  | damage on your foes. [demonic ancestry]
   103 | D:1      | Reached XP level 2. HP: 18/21 MP: 2/2
   463 | D:1      | Gained mutation: You are partially covered in rugged brown
                  | scales. (AC +1, +3% HP) [demonic ancestry]
   463 | D:1      | Reached XP level 3. HP: 20/26 MP: 3/3
   976 | D:2      | Found a faded altar of an unknown god.
  1264 | D:2      | Found a burning altar of Makhleb.
  1534 | D:3      | Found a radiant altar of Vehumet.
  1589 | D:3      | Reached skill level 4 in Unarmed Combat
  1589 | D:3      | Gained mutation: Your touch may inflict irresistible damage
                  | on your foes. [demonic ancestry]
  1589 | D:3      | Reached XP level 4. HP: 23/32 MP: 4/4
  1678 | D:3      | Noticed Robin
  1685 | D:3      | Killed Robin
  1720 | D:3      | Found a snail-covered altar of Cheibriados.
  1729 | D:3      | Reached XP level 5. HP: 39/39 MP: 5/5
  1924 | D:3      | Found a blossoming altar of Fedhas.
  2585 | D:4      | Found a staircase to the Ecumenical Temple.
  2639 | D:4      | Gained mutation: You are mostly covered in rugged brown
                  | scales. (AC +2, +5% HP) [demonic ancestry]
  2639 | D:4      | Reached XP level 6. HP: 36/48 MP: 6/6
  2748 | D:4      | Reached skill level 5 in Unarmed Combat
  2977 | D:4      | Found a shimmering altar of Xom.
  3094 | D:4      | Found an ornate altar of the Wu Jian Council.
  3358 | D:5      | Entered Level 5 of the Dungeon
  3500 | D:5      | Reached XP level 7. HP: 39/54 MP: 7/7
  3500 | D:5      | Found Noolu's Assorted Antiques.
  3588 | D:5      | Bought a scroll labelled LIAQAQ SOLUEF for 17 gold pieces
  3588 | D:5      | Bought a scroll labelled NYETAUT NIQI for 17 gold pieces
  3588 | D:5      | Bought a blue potion for 15 gold pieces
  3661 | D:5      | Found an iron altar of Okawaru.
  3742 | D:5      | Reached skill level 6 in Unarmed Combat
  4465 | D:6      | Gained mutation: Your touch may irresistibly damage your
                  | foes and sap their willpower. [demonic ancestry]
  4465 | D:6      | Reached XP level 8. HP: 53/63 MP: 8/8
  4488 | D:5      | Reached skill level 7 in Unarmed Combat
  4622 | D:5      | Reached skill level 5 in Shapeshifting
  4802 | D:6      | HP: 1/63 [gnoll sergeant/+0 spear (8)]
  4803 | D:6      | Slain by a gnoll sergeant

Illustrated notes

Levels and vault maps discovered:
D:1:      heliophobic_arrival_enchanted_forest, layout_basic
D:2:      layout_basic, ebering_ecumenical_altar_hall, serial_curves,
          eino_curves_04, eino_curves_01, eino_curves_03, eino_curves_04,
          basic_altar, minmay_tetromino_o2
D:3:      layout_loops_ring, fedhas_altar_3,
          mainiacjoe_overflow_surrounded_room, slow_altar_2, uniq_robin
D:4:      layout_basic, mainiacjoe_overflow_chevrons, old_standard_altar,
          minmay_temple_entry_poolview, kennysheep_nub
D:5:      layout_rooms, okawaru_gym_becter, serial_library,
          serial_library_hellmonk_u_bend, serial_library_hellmonk_open_cross,
          serial_library_hellmonk_statue_hall, serial_library_hellmonk_room_b,
          serial_library_hellmonk_hallway_b,
          serial_library_hellmonk_filled_rooms,
          serial_library_regret_index_small_wings,
          serial_library_hellmonk_reading_circle,
          serial_library_hellmonk_small_alcove,
          serial_library_hellmonk_big_corner, serial_shops,
          nicolae_shop_just_a_little_nook
D:6:      layout_cave_pools, serial_gnoll_camp, grums_kennel,
          gnoll_camp_mini_hut, gnoll_camp_mini_shop, gnoll_camp_mini_hut,
          gnoll_camp_huts_basic, gnoll_camp_medium_02, patterned_corridor

Skill      XL: |  1  2  3  4  5  6  7  8 |
---------------+-------------------------+-----
Unarmed Combat | 3 4 5 6 7 |  7.1
Shapeshifting  | 3 4 5 |  5.0
Fighting       | 2 3 4 |  4.0
Dodging        | 2 |  2.6

Action                     |  1- 3 |  4- 6 |  7- 9 || total
---------------------------+-------+-------+-------++-------
  Melee: Unarmed           |    98 |   130 |    76 ||   304
         Touch             |    14 |    20 |     5 ||    39
         Punch             |       |     4 |     5 ||     9
    Use: Scroll            |       |       |     2 ||     2
         Potion            |       |       |     1 ||     1
   Stab: Sleeping          |     1 |     1 |       ||     2
 Armour: Animal skin       |    31 |    59 |    68 ||   158
         Skin              |       |       |    29 ||    29
  Dodge: Dodged            |    66 |    60 |    54 ||   180
